 Dungeon Crawl Stone Soup version 0.30.0-17-ge0270778cf (webtiles) character file.

Game seed: 557670098046732860

1 browni3141 the Caller (level 1, 0/13 HPs)
             Began as a Mummy Summoner on May 21, 2023.
             Slain by a hobgoblin (1 damage)
             ... on level 1 of the Dungeon.
             The game lasted 00:00:03 (30 turns).

browni3141 the Caller (Mummy Summoner)                Turns: 30, Time: 00:00:04

Health: 0/13       AC:  2    Str: 11    XL:     1   Next: 16%
Magic:  3/4        EV: 12    Int: 14    God:
Gold:   0          SH:  0    Dex: 12    Spells: 4/5 levels left

rFire   x . .        (no weapon)
rCold   + . .        (no shield)
rNeg    + + +        a - +0 robe
rPois   ∞            (no helmet)
rElec   .            (no cloak)
rCorr   .            (no gloves)
SInv    .            (no boots)
Will    .....        (no amulet)
Stlth   ++           (no ring)
HPRegen 0.22/turn    (no ring)
MPRegen 0.09/turn

%: faith
@: no status effects
A: cold resistance 1, negative energy resistance 3, torment resistance 2, heat
vulnerability 1, no potions, faith
a: no special abilities


You were on level 1 of the Dungeon.
You visited 1 branch of the dungeon, and saw 1 of its levels.

Inventory:

Armour
 a - a +0 robe (worn)


   Skills:
 + Level 1.6 Dodging
 + Level 1.6 Stealth
 + Level 2.7 Spellcasting
 + Level 3.2 Summonings


You had 4 spell levels left.
You knew the following spells:

 Your Spells              Type           Power      Damage    Failure   Level
z - Summon Small Mammal   Summ           44%        N/A       6%          1

Your spell library contained the following spells:

 Spells                   Type           Power      Damage    Failure   Level
 Call Imp                 Summ           22%        N/A       9%          2
 Call Canine Familiar     Summ           11%        N/A       17%         3
 Summon Guardian Golem    Hex/Summ       6%         N/A       34%         3
 Summon Lightning Spire   Summ/Air       6%         N/A       75%         4


Dungeon Overview and Level Annotations

Branches:
Dungeon (1/15)

Altars:


Innate Abilities, Weirdness & Mutations

You are immune to poison.
Your flesh is cold resistant. (rC+)
You are immune to negative energy. (rN+++)
You are immune to unholy pain and torment.
You are vulnerable to heat. (rF-)
You do not drink.
You have a special connection with the divine. (Faith)


Message History

Welcome, browni3141 the Mummy Summoner.
The Orb of Zot is coveted for many reasons.
Will you seize it for your own?
Press ? for a list of commands and other information.
Found a staircase leading out of the dungeon.
Setting a skill training target for Axes at 16.0.
Setting a skill training target for Invocations at 14.0.
Setting a skill training target for Throwing at 5.0.
As you open the door, it creaks loudly!
You hear a shout! x3
You hear an angry hiss.
There is an open door here. 2 hobgoblins come into view.
The hobgoblin shouts!
There are monsters nearby!
There are monsters nearby!
You barely miss the hobgoblin.
Your rat closely misses the hobgoblin.
The hobgoblin barely misses you.
You closely miss the hobgoblin.
Your rat barely misses the hobgoblin.
The hobgoblin closely misses you.
A kobold comes into view. It is wielding a +0 short sword.
The hobgoblin hits you but does no damage.
Your rat closely misses the hobgoblin.
You barely miss the hobgoblin.
Your rat barely misses the hobgoblin. x2
The hobgoblin hits you. x2
You are too injured to fight recklessly!
You are too injured to fight recklessly!
Your rat bites the hobgoblin but does no damage.
Your rat closely misses the hobgoblin.
The hobgoblin hits you.
There is an open door here.
The hobgoblin attacks as you move away! The hobgoblin hits you.
* * * LOW HITPOINT WARNING * * *
The hobgoblin attacks as you move away! The hobgoblin barely misses you.
Your rat bites the hobgoblin but does no damage.
Your rat bites the hobgoblin.
You hit the hobgoblin.
The hobgoblin is moderately wounded.
Your rat closely misses the hobgoblin.
The hobgoblin barely misses you.
You hit the hobgoblin but do no damage.
The hobgoblin is moderately wounded.
Your rat barely misses the hobgoblin.
The hobgoblin barely misses you.
Your rat bites the hobgoblin but does no damage.
You hit the hobgoblin but do no damage.
The hobgoblin is moderately wounded.
Your rat bites the hobgoblin. x2; The hobgoblin hits you.
* * * LOW HITPOINT WARNING * * *
Something hits your rat.
You barely miss the hobgoblin.
The hobgoblin is severely wounded.
Your rat bites the hobgoblin but does no damage.
Your rat bites the hobgoblin.
The hobgoblin dies!
Something hits your rat.
Your rat dies!
Your rat's corpse disappears in a puff of smoke!
You hit the hobgoblin.
The hobgoblin is severely wounded.
The hobgoblin hits you.
You die...

###.### +..<..+
######.#######
#.............# .
####.#####.#### #..
##.#####.## ##...#
#.........####...###
######.######........
+..........@gr.......
######.######§.......
#.# ........[ #.#
.......... ###
...........
.........$..
..K.........#
....#.........


You could see a hobgoblin (ally target) and a friendly rat (summoned).

Vanquished Creatures (collateral kills)
  A hobgoblin (D:1)
1 creature vanquished.

Notes
Turn   | Place    | Note
-------+----------+-------------------------------------------
     0 | D:1      | browni3141 the Mummy Summoner began the quest for the Orb.
     0 | D:1      | Reached XP level 1. HP: 13/13 MP: 4/4
    30 | D:1      | Slain by a hobgoblin

Illustrated notes

Levels and vault maps discovered:
D:1:      shiori_shiawase, layout_rooms, chequers_big_river

Action                     || total
---------------------------++-------
  Melee: Unarmed           ||     8
   Cast: Summon Small Mamm ||     2
 Armour: Robe              ||     1
  Dodge: Dodged            ||     5
